 Dungeon Crawl Stone Soup version 0.19.5 (webtiles) character file.

183 Inarius the Shield-Bearer (level 5, -8/47 HPs)
             Began as a Minotaur Fighter on May 3, 2017.
             Killed by nerve-wracking pain
             ... invoked by Grinder
              (13 damage)
             ... on level 3 of the Dungeon.
             The game lasted 00:04:37 (1894 turns).

Inarius the Shield-Bearer (Minotaur Fighter)        Turns: 1894, Time: 00:04:38

Health: -8/47      AC: 11    Str: 26    XL:     5   Next: 35%
Magic:  4/4        EV:  5    Int:  5    God:
Gold:   122        SH: 10    Dex: 10    Spells: 0 memorised, 4 levels left

rFire  . . .     SeeInvis .     a - +0 long sword
rCold  . . .     Gourm    +     t - +0 plate armour
rNeg   . . .     Faith    .     c - +0 shield
rPois  .         Spirit   .     (helmet restricted)
rElec  .         Reflect  .     (no cloak)
rCorr  .         Harm     .     (no gloves)
MR     .....                    (no boots)
Stlth  ..........               s - amulet of the gourmand
                                (no ring)
                                (no ring)

@: mighty
A: retaliatory headbutt, horns 2
a: no special abilities


You were on level 3 of the Dungeon.
You were hungry.

You visited 1 branch of the dungeon, and saw 3 of its levels.

You collected 122 gold pieces.

Inventory:

Hand Weapons
 a - a +0 long sword (weapon)
Armour
 c - a +0 shield (worn)
 t - a +0 plate armour (worn)
Jewellery
 i - an uncursed amulet of magic regeneration
 s - an amulet of the gourmand (around neck)
Wands
 o - a wand of random effects (20/48)
Scrolls
 e - 2 scrolls of remove curse {unknown}
 g - a scroll of noise {unknown}
 j - a scroll of identify {unknown}
 q - a scroll of immolation {unknown}
Potions
 b - a potion of degeneration {unknown}
 h - a potion of flight {unknown}
 k - a potion of heal wounds {unknown}
 l - a potion of berserk rage {unknown}
 n - a potion of curing {unknown}
 p - 2 potions of brilliance {unknown}
 r - a potion of agility {unknown}
Comestibles
 f - 3 bread rations
 m - 2 meat rations


   Skills:
 + Level 4.6 Fighting
 + Level 4.2 Long Blades
 + Level 4.3 Armour
 + Level 1.2 Dodging
 + Level 0.3 Stealth
 + Level 4.7 Shields


You had 4 spell levels left.
You didn't know any spells.

Dungeon Overview and Level Annotations

Branches:
Dungeon (3/15)

Altars:
Cheibriados

Annotations:
D:3 Grinder


Innate Abilities, Weirdness & Mutations

You reflexively headbutt those who attack you in melee.
You have a pair of horns on your head.


Message History

You closely miss Grinder.
Grinder is heavily wounded.
You block Grinder's attack.
Your shield and plate armour prevent you from hitting Grinder.
Your headbutt misses Grinder.
Grinder is heavily wounded.
Grinder says, "I used to sell toenails on the black market."
Grinder hits you.
* * * LOW HITPOINT WARNING * * *
You writhe in agony.
* * * LOW HITPOINT WARNING * * *
You feel very mighty all of a sudden.
You are feeling hungry.
Grinder hits you but does no damage.
You barely miss Grinder.
Grinder is heavily wounded.
Grinder blinks!
Grinder gestures at you. Pain shoots through your body!
You die...

####### # #...... .#
#.####. ####. #.# #.
... #.# #. #.####.# #.#
#. # #######......# #<#
#. ##. .........#####.#
.######.
w#...######..5@.....#
........
##.....[.......ยง......
.....>..
#...####..).....(.....
........ .
#####.############.
##.###.. #......# #.
#... #......# #. #..#
#......# # #. #.).
#......# #.#. #.##
#......#
##########.#.##...


You could see Grinder.

Vanquished Creatures
  Jessica (D:3)
  An iguana (D:3)
  Robin (D:2)
  4 adders
  2 oozes
  A worm (D:2)
  6 dart slugs
  A leopard gecko (D:1)
  An orc (D:3)
  2 giant cockroaches
  15 goblins
  8 hobgoblins
  3 jackals (D:1)
  5 kobolds
  2 bats (D:2)
  2 frilled lizards
  6 rats
61 creatures vanquished.

Notes
Turn   | Place    | Note
-------+----------+-------------------------------------------
     0 | D:1      | Inarius the Minotaur Fighter began the quest for the Orb.
     0 | D:1      | Reached XP level 1. HP: 19/19 MP: 0/0
    97 | D:1      | Reached XP level 2. HP: 27/27 MP: 1/1
   710 | D:1      | Reached XP level 3. HP: 33/33 MP: 2/2
   823 | D:2      | Noticed Robin
   856 | D:2      | Killed Robin
  1032 | D:2      | Reached XP level 4. HP: 25/40 MP: 3/3
  1336 | D:2      | Found a snail-covered altar of Cheibriados.
  1732 | D:3      | Reached XP level 5. HP: 47/47 MP: 4/4
  1845 | D:3      | Noticed Jessica
  1848 | D:3      | Noticed Grinder
  1853 | D:3      | Killed Jessica
  1853 | D:3      | Reached skill level 1 in Dodging
  1883 | D:3      | Paralysed by Grinder for 5 turns
  1894 | D:3      | Killed from afar by Grinder

Skill      XL: |  1  2  3  4  5 |
---------------+----------------+-----
Shields        | 4 |  4.7
Armour         | 4 |  4.3
Fighting       | 4 |  4.6
Long Blades    | 3 4 |  4.2
Dodging        | 1 |  1.2
Stealth        | |  0.3

Action                   |  1- 3 |  4- 6 || total
-------------------------+-------+-------++-------
Melee: Long sword        |    96 |    71 ||   167
       Headbutt          |     8 |    17 ||    25
  Use: Potion            |       |     1 ||     1
  Eat: Chunk             |     1 |     4 ||     5
Armor: Scale mail        |    39 |     3 ||    42
       Ring mail         |       |    10 ||    10
       Plate armour      |       |     4 ||     4
Dodge: Dodged            |    30 |    19 ||    49
Block: Shield            |    49 |    37 ||    86
       Rpst.: Long sword |     8 |     6 ||    14
